 Dungeon Crawl Stone Soup version 0.17-a0-1450-g7e755d1 (webtiles) character file.

253911 Chiseanne the Tortoise (level 19, -5/148 HPs)
             Began as a Demonspawn Wanderer on June 29, 2015.
             Was an Initiate of Gozag.
             Slain by a vault warden
             ... wielding a +0 broad axe
              (45 damage)
             ... on level 1 of the Vaults on June 30, 2015.
             The game lasted 04:09:57 (45348 turns).

Chiseanne the Tortoise (Demonspawn Wanderer)       Turns: 45348, Time: 04:09:57

Health: -5/148     AC: 32    Str: 30    XL:     19   Next: 0%
Magic:  0/53       EV: 19    Int: 22    God:    Gozag
Gold:   7435       SH:  0    Dex: 16    Spells: 8 memorised, 9 levels left

rFire  + + .     SeeInvis .     s - +8 scythe of Duty {drain, +Rage Str+4}
rCold  + + .     Clarity  .     n - +4 scale mail "Erhuaff" {rF++ rC- MP+9 Slay+2}
rNeg   + . .     SustAt   .     (no shield)
rPois  +         Gourm    .     A - +3 helmet "Haydoal" {Regen+ MP+9 Str+2 Dex-3}
rElec  .         Spirit   +     h - +1 cloak of Dithmenos's Favour {Str+4 Int+2 Dex+5}
rCorr  .         Warding  .     f - +2 pair of gloves of the Slug {rC+ Str+3}
rMut   .         Stasis   .     L - +5 pair of boots "Foddaf" {Int+2}
MR     +....                    G - amulet of Ofiden {Spirit rC+}
Stlth  +.........               D - ring of poison resistance
                                C - ring of Miacy {+Inv +Fly Int+3}

@: corroded equipment, very slightly contaminated, invisible, somewhat resistant
to hostile enchantments, very unstealthy
A: talons 2, rough black scales 1, cold resistance 1, negative energy resistance
1, powered by death 3, 50% torment resistance, black mark, freezing cloud
immunity
a: Potion Petition, Call Merchant, Bribe Branch, Renounce Religion, Evoke
Berserk Rage, Evoke Flight
}: 2/15 runes: decaying, gossamer


You were on level 1 of the Vaults.
You worshipped Gozag.
Gozag was noncommittal.
You were not hungry.

You visited 7 branches of the dungeon, and saw 37 of its levels.
You visited the Abyss 1 time.
You also visited: Labyrinth.

You collected 17512 gold pieces.
You spent 4446 gold pieces at shops.
You paid 5631 gold pieces to Gozag.

Inventory:

Hand weapons
 a - the +7 quarterstaff "Vylai" {speed, MR+ MP+9 Str-5 Dex+4}
   (You found it on level 11 of the Dungeon)

   Attacks with this weapon are significantly faster.
   It affects your strength (-5).
   It affects your dexterity (+4).
   It affects your resistance to hostile enchantments.
   It affects your magic capacity (+9).
 d - a +4 hand axe of electrocution
 e - a +4 triple crossbow of flaming
 s - the +8 scythe of Duty (weapon) {drain, +Rage Str+4}
   (You found it in a labyrinth)

   A truly terrible weapon, it drains the life of those it strikes.
   It affects your strength (+4).
   It lets you go berserk.
 B - the +8 halberd "Plojy" {vamp, +Inv rF+++ MR- Str+2}
   (You bought it in a shop on level 1 of the Vaults)

   It inflicts no extra harm, but heals its wielder somewhat when it strikes a
   living foe.
   It affects your strength (+2).
   It renders you almost immune to fire.
   It affects your resistance to hostile enchantments.
   It lets you turn invisible.
Missiles
 k - 8 silver bolts
 z - 39 bolts of flame
 J - 15 poisoned bolts
 Q - 270 bolts
 W - 18 bolts of frost
Armour
 f - the +2 pair of gloves of the Slug (worn) {rC+ Str+3}
   (You acquired it on level 15 of the Dungeon)

   It affects your strength (+3).
   It protects you from cold.
 h - the +1 cloak of Dithmenos's Favour (worn) {Str+4 Int+2 Dex+5}
   (You found it on level 4 of the Dungeon)

   It affects your strength (+4).
   It affects your intelligence (+2).
   It affects your dexterity (+5).
 n - the +4 scale mail "Erhuaff" (worn) {rF++ rC- MP+9 Slay+2}
   (You bought it in a shop on level 4 of the Orcish Mines)

   It affects your accuracy and damage with ranged weapons and melee attacks
   (+2).
   It greatly protects you from fire.
   It makes you vulnerable to cold.
   It affects your magic capacity (+9).
 A - the +3 helmet "Haydoal" (worn) {Regen+ MP+9 Str+2 Dex-3}
   (You bought it in a shop on level 15 of the Dungeon)

   It affects your strength (+2).
   It affects your dexterity (-3).
   It affects your magic capacity (+9).
   It increases your rate of regeneration.
 L - the +5 pair of boots "Foddaf" (worn) {Int+2}
   (You bought it in a shop on level 12 of the Dungeon)

   It affects your intelligence (+2).
 Y - a +2 helmet of see invisible
Jewellery
 g - an uncursed ring of wizardry
 i - an uncursed amulet of clarity
 w - an uncursed ring of flight
 C - the ring of Miacy (left hand) {+Inv +Fly Int+3}
   (You found it in a labyrinth)

   [ring of flight]

   It affects your intelligence (+3).
   It lets you turn invisible.
   It lets you fly.
 D - a ring of poison resistance (right hand)
 G - the amulet of Ofiden (around neck) {Spirit rC+}
   (You found it in a labyrinth)

   [amulet of guardian spirit]

   It causes incoming damage to be split between your health and magic.
   It protects you from cold.
Magical devices
 b - a wand of invisibility (1)
 t - a wand of teleportation (4)
 y - a wand of hasting (4)
 Z - a wand of digging (14)
Scrolls
 j - 2 scrolls of magic mapping
 l - 24 scrolls of identify
 o - 4 scrolls of immolation
 r - 4 scrolls of fog
 E - 10 scrolls of remove curse
 F - 15 scrolls of teleportation
 H - 2 scrolls of blinking
 V - a scroll of recharging
Potions
 c - a potion of brilliance
 p - 6 potions of ambrosia
 v - a potion of flight
 I - a potion of invisibility
 K - 2 potions of magic
 M - 9 potions of curing
 N - a potion of berserk rage
 U - 2 potions of resistance
Miscellaneous
 q - a lamp of fire (inert)
Comestibles
 m - 15 meat rations
 O - 2 bread rations


   Skills:
 - Level 12.6 Fighting
 - Level 3.3(5.1) Polearms
 - Level 5.9(6.3) Staves
 - Level 7.0 Crossbows
 - Level 1.0 Throwing
 - Level 17.0 Armour
 - Level 13.1 Dodging
 - Level 2.6 Stealth
 + Level 12.4 Spellcasting
 + Level 12.4 Hexes
 * Level 10.3 Summonings


You had 9 spell levels left.
You knew the following spells:

 Your Spells              Type           Power        Failure   Level  Hunger
a - Ensorcelled Hibernat  Hex/Ice        #####.       1%          2    None
b - Shroud of Golubria    Chrm/Tloc      ##........   12%         2    None
c - Mass Confusion        Hex            ######....   10%         6    #####..
d - Silence               Hex/Air        #####.....   21%         5    ####...
e - Summon Lightning Spi  Summ/Air       #####...     12%         4    None
f - Summon Ice Beast      Ice/Summ       #####...     12%         4    None
g - Shadow Creatures      Summ           N/A          3%          5    ####...
h - Summon Forest         Summ/Tloc      #####.....   28%         5    ####...


Dungeon Overview and Level Annotations

Branches:
Dungeon (15/15)            Temple (1/1) D:6            Lair (8/8) D:8
  Swamp (4/4) Lair:5       Spider (4/4) Lair:5        Slime (0/6) Lair:8
    Orc (4/4) D:12            Elf (0/3) Orc:3        Vaults (1/5) D:13
 Depths (0/5) D:15

Altars:
Ashenzari
Cheibriados
Dithmenos
Elyvilon
Fedhas
Gozag
Kikubaaqudgha
Makhleb
Nemelex Xobeh
Okawaru
Qazlal
Ru
Sif Muna
Trog
Vehumet
Xom
Yredelemnul
Zin
The Shining One
Beogh

Shops:
D:4 *   D:11 *   D:12 [   D:15 [[   Orc:3 (   Orc:4 *?[   Vaults:1 *(


Innate Abilities, Weirdness & Mutations

You have razor-sharp toenails.
You are partially covered in rough black scales (AC +4, Dex -1).
Your flesh is cold resistant.
You resist negative energy.
You regenerate a lot of health from kills.
You are somewhat able to resist unholy torments (1 in 2 success).
Your melee attacks may debilitate your foes.
You are immune to freezing clouds.


Message History

Drink which item? (? for menu, Esc to quit)
You fade into invisibility!
The vault warden hits you with a broad axe!!
* * * LOW HITPOINT WARNING * * *
You hear a shout!
You are very lightly contaminated with residual magic.
Evoke which item? (* to show all) (? for menu, Esc to quit)
Aiming: Phantom Mirror
Press: ? - help, Dir - move target cursor, f - vault warden
Aim: a vault warden, wielding a broad axe, wearing a chain mail and wearing a shiny shield (lightly wounded, unusually strong)
You reflect the vault warden with the mirror, and the mirror shatters!
You hit the vault warden.
The vault warden is lightly wounded.
The vault warden hits you but does no damage.
The vault warden hits your vault warden with a broad axe!!
The vault warden blocks your vault warden's attack. x2
The vault warden activates a sealing rune.
The vault warden hits you with a broad axe!!!
You die...
Your body crumbles into a pile of gold.

#..# .# #.......
#..####.# #.....(.
#..#....# #.......
#..#..#.# #.......
#....(..# #.......
#.......# #.......
#.....).# #.......
#.#..#$.###########
#p@..#o(#.#.....#..
#p####..#...##....#
#u.p.#..+......#...
#.#u$#$(#..#.....#.
#.$.$$ou########'##
###+##### #..##[.##
..u #....#### #.u.
#..##..## #..u
#####....


You could see a vault warden, a red ugly thing and a friendly vault warden.

Vanquished Creatures
  A lich (Vaults:1)
  A tentacled starspawn (Abyss:2)
  A thorn hunter (Swamp:3)
  Kirke (Lair:8)
  A frost giant (D:15)
  A deep elf sorcerer (Vaults:1)
  4 ghost moths
  2 vault wardens (Vaults:1)
  Louise (Spider:1)
  7 emperor scorpions
  An orc warlord (Orc:4)
  8 ironheart preservers (Vaults:1)
  3 very ugly things (Swamp:4)
  2 stone giants (Vaults:1)
  A lorocyproca (Abyss:2)
  Azrael (Spider:1)
  2 green deaths (Swamp:4)
  7 vault guards
  The ghost of Geomchi the Basher, a powerful DsCK of Xom (Lair:3)
  A minotaur (Lab)
  2 death oozes (Swamp:4)
  Josephine (Lair:5)
  3 yaktaur captains (Vaults:1)
  2 entropy weavers (Spider:4)
  15 hydras
  A hell beast (Swamp:4)
  4 death yaks (Lair:8)
  A deep troll earth mage (Vaults:1)
  An ogre mage (Vaults:1)
  5 centaur warriors
  6 orc high priests (Orc:4)
  2 thrashing horrors
  10 alligators
  2 deep troll shamans (Vaults:1)
  Urug (D:15)
  Nergalle (Orc:1)
  A fire crab (Lair:8)
  3 wretched stars (Abyss:1)
  4 swamp dragons
  5 deep trolls (Vaults:1)
  A giant orange brain (Vaults:1)
  7 hill giants
  2 shambling mangroves (Swamp:4)
  A necromancer (D:13)
  A deep elf conjurer (Vaults:1)
  3 unseen horrors
  4 ironbrand convokers (Vaults:1)
  5 cyclopes
  3 wizards
  9 orc knights
  3 moths of wrath
  16 ugly things
  9 orc sorcerers
  17 orb spiders
  9 hornets
  2 manticores
  17 elephants
  3 black mambas
  2 centaur zombies
  A shining eye (shapeshifter) (Vaults:1)
  7 griffons
  23 wolf spiders
  20 spiny frogs
  Joseph (D:10)
  A gargoyle (D:15)
  2 torpor snails
  2 orange demons (Swamp:4)
  11 yaktaurs
  6 fire drakes
  2 spriggan druids (Lair:8)
  11 komodo dragons
  8 demonic crawlers
  2 kobold demonologists
  8 two-headed ogres
  2 minotaur zombies (Lab)
  A queen bee (Lair:3)
  A two-headed ogre (shapeshifter) (Vaults:1)
  6 polar bears
  A jumping spider (shapeshifter) (D:15)
  10 trolls
  Grinder (D:5)
  3 giant leeches
  15 jumping spiders
  A boulder beetle (Spider:2)
  26 slime creatures
  9 bog bodies
  A hornet zombie (D:15)
  26 blink frogs
  15 trapdoor spiders
  A trapdoor spider zombie (D:12)
  36 redbacks
  11 spriggans (Lair:8)
  7 wraiths
  Sigmund (D:5)
  64 yaks
  5 shadows
  2 water elementals (D:15)
  2 deep elf magi (D:9)
  21 tarantellas
  16 hippogriffs
  3 hogs (Lair:8)
  14 vampire mosquitoes
  9 basilisks
  Grum (D:11)
  A hungry ghost (D:9)
  6 wandering mushrooms
  11 wyverns
  A deep elf fighter (Vaults:1)
  17 humans (D:13)
  5 fire elementals (Spider:1)
  3 mottled dragons
  30 wolves
  5 hell hounds
  Edmund (D:4)
  6 swamp worms
  3 insubstantial wisps (Swamp:1)
  2 soldier ants
  9 water moccasins
  19 porcupines
  4 swamp drakes
  7 wargs
  Duvessa (D:5)
  6 spiders
  4 small abominations (Abyss:1)
  An ice beast (Abyss:1)
  2 eyes of draining
  3 phantoms
  24 ogres
  2 sky beasts
  10 black bears (Lair:8)
  2 large abominations (Abyss:1)
  11 wasps
  8 centaurs
  64 orc warriors
  A big kobold (D:7)
  18 crocodiles
  Blork the orc (D:5)
  19 giant frogs
  A wyvern zombie (D:14)
  5 scorpions
  Dowan (D:5)
  5 electric eels
  9 wights
  35 killer bees
  2 human simulacra (Vaults:1)
  2 oklob saplings (D:9)
  8 crimson imps
  A giant frog zombie (D:6)
  14 iguanas
  45 orc priests
  2 giant frog skeletons
  Crazy Yiuf (D:5)
  A gnoll shaman (D:6)
  8 hounds
  3 jellies
  37 orc wizards
  An iron imp (Abyss:1)
  4 centaur skeletons
  6 worker ants
  5 hell rats (Lair:8)
  31 sheep
  2 killer bee zombies (D:8)
  2 hound zombies
  A worker ant zombie (D:6)
  15 adders
  8 gnolls
  83 river rats
  A white imp (Abyss:1)
  6 shadow imps
  An ooze (D:2)
  A worm (D:2)
  4 giant geckos
  353 orcs
  33 goblins
  29 hobgoblins
  13 jackals
  2 ball pythons (D:1)
  11 bats
  6 giant cockroaches
  A giant gecko skeleton (D:6)
  7 giant newts
  25 kobolds
  7 quokkas
  2 quokka zombies
  8 rats
  2 bushes (D:8)
  An eldritch tentacle segment (Vaults:1)
  19 fungi
  19 plants
1843 creatures vanquished.

Vanquished Creatures (collateral kills)
  Rupert (Lair:8)
  A vault warden (Vaults:1)
  A deep elf demonologist (Vaults:1)
  Nessos (Lair:7)
  An entropy weaver (Spider:1)
  2 deep trolls (Vaults:1)
  An elephant (Lair:8)
  A demonic crawler (Spider:1)
  A blink frog (Lair:8)
  A slime creature (Vaults:1)
  3 redbacks
  A spriggan (Lair:8)
  A hippogriff (Lair:8)
  2 yaks (D:9)
  A wolf (Lair:8)
  A vampire mosquito (Vaults:1)
  2 river rats
  A shadow imp (D:9)
23 creatures vanquished.

Vanquished Creatures (others)
  An eldritch tentacle (Vaults:1)
  A wolf spider (Spider:2)
  An orc wizard (Orc:4)
  An iguana (Lair:4)
  A bat (D:10)
  121 eldritch tentacle segments (Vaults:1)
  8 fungi
  14 plants
  2 starspawn tentacles (Abyss:2)
  5 starspawn tentacle segments (Abyss:2)
155 creatures vanquished.

Grand Total: 2021 creatures vanquished

Notes
Turn   | Place    | Note
--------------------------------------------------------------
     0 | D:1      | Chiseanne the Demonspawn Wanderer began the quest for the Orb.
     0 | D:1      | Chiseanne set off with: a +2 dagger, a scroll of blinking, a +0 ring mail, a +0 hand crossbow, 30 bolts, a bread ration
     0 | D:1      | Reached XP level 1. HP: 15/15 MP: 1/1
   367 | D:1      | Gained mutation: You have sharp toenails. [demonic ancestry]
   367 | D:1      | Reached XP level 2. HP: 19/21 MP: 2/2
   732 | D:1      | Reached skill level 1 in Armour
   920 | D:1      | Reached XP level 3. HP: 15/27 MP: 3/3
  1594 | D:2      | Gained mutation: You regenerate a little health from kills. [demonic ancestry]
  1594 | D:2      | Reached XP level 4. HP: 27/34 MP: 4/4
  2091 | D:2      | Found a shadowy altar of Dithmenos.
  2652 | D:3      | Found a blossoming altar of Fedhas.
  2654 | D:3      | Found a stormy altar of Qazlal.
  2890 | D:3      | Gained mutation: You have razor-sharp toenails. [demonic ancestry]
  2890 | D:3      | Reached XP level 5. HP: 32/40 MP: 5/5
  3298 | D:4      | Found Deofuba's Assorted Antiques.
  3388 | D:4      | Found a deep blue altar of Sif Muna.
  3393 | D:4      | Got a fine cloak
  3395 | D:4      | Identified the +1 cloak of Dithmenos's Favour {Str+4 Int+2 Dex+5} (You found it on level 4 of the Dungeon)
  3420 | D:4      | Noticed Edmund
  3442 | D:4      | Killed Edmund
  3442 | D:4      | Gained mutation: Your flesh is cold resistant. [demonic ancestry]
  3442 | D:4      | Reached XP level 6. HP: 41/48 MP: 6/6
  3606 | D:4      | Reached skill level 4 in Fighting
  3785 | D:5      | Entered Level 5 of the Dungeon
  4049 | D:5      | Noticed Grinder
  4085 | D:5      | Killed Grinder
  4085 | D:5      | Reached XP level 7. HP: 53/55 MP: 7/7
  4123 | D:5      | Noticed Duvessa
  4125 | D:5      | Noticed Dowan
  4145 | D:5      | Killed Dowan
  4175 | D:5      | Killed Duvessa
  4175 | D:5      | Reached skill level 5 in Fighting
  4231 | D:5      | Noticed Blork the orc
  4237 | D:5      | Killed Blork the orc
  4366 | D:5      | Reached XP level 8. HP: 37/63 MP: 8/8
  4649 | D:5      | Reached skill level 5 in Dodging
  4706 | D:5      | Reached skill level 5 in Armour
  4769 | D:5      | Noticed Sigmund
  4783 | D:5      | Killed Sigmund
  4783 | D:5      | Reached skill level 6 in Fighting
  4808 | D:5      | Noticed Crazy Yiuf
  4811 | D:5      | Paralysed by Crazy Yiuf for 7 turns
  4822 | D:5      | Killed Crazy Yiuf
  5154 | D:6      | Found a blossoming altar of Fedhas.
  5303 | D:6      | Found a staircase to the Ecumenical Temple.
  5445 | Temple   | Entered the Ecumenical Temple
  5628 | Temple   | Became a worshipper of Gozag Ym Sagoz the Greedy
  5819 | D:6      | Gained mutation: You are partially covered in rough black scales (AC +4, Dex -1). [demonic ancestry]
  5819 | D:6      | Reached XP level 9. HP: 71/71 MP: 9/9
  6065 | D:7      | Reached skill level 7 in Fighting
  6624 | D:7      | Found a glowing golden altar of the Shining One.
  6624 | D:7      | Found a glowing silver altar of Zin.
  6866 | D:8      | Reached skill level 8 in Fighting
  6868 | D:8      | Noticed a centaur zombie
  7507 | D:7      | Reached skill level 9 in Fighting
  7511 | D:7      | Upgraded the game from 0.17-a0-1447-g3d113ad to 0.17-a0-1450-g7e755d1
  7535 | D:7      | Gained mutation: You regenerate health from kills. [demonic ancestry]
  7535 | D:7      | Reached XP level 10. HP: 31/83 MP: 10/10
  7804 | D:8      | Found a staircase to the Lair.
  7994 | D:8      | Killed a centaur zombie
  7994 | D:8      | Reached skill level 10 in Fighting
  8411 | D:8      | Found a burning altar of Makhleb.
  8412 | D:8      | Found a radiant altar of Vehumet.
  8451 | D:9      | Noticed a green ugly thing
  8468 | D:9      | Killed a green ugly thing
  8552 | D:9      | Reached skill level 10 in Dodging
  8860 | D:9      | Reached skill level 11 in Fighting
  8860 | D:9      | Gained mutation: You are immune to freezing clouds. [demonic ancestry]
  8860 | D:9      | Reached XP level 11. HP: 88/93 MP: 11/11
  9159 | D:9      | Found a blossoming altar of Fedhas.
  9625 | D:10     | Entered Level 10 of the Dungeon
  9693 | D:10     | Noticed Joseph
  9772 | D:10     | Killed Joseph
 10348 | D:10     | Learned a level 2 spell: Ensorcelled Hibernation
 10708 | D:11     | Found Narghuedy's Assorted Antiques.
 10807 | D:11     | Bought a potion of heal wounds for 195 gold pieces
 10807 | D:11     | Bought a scroll labeled EJIEZU KUNN for 39 gold pieces
 10807 | D:11     | Bought a scroll of enchant weapon for 292 gold pieces
 11020 | D:11     | Reached skill level 1 in Hexes
 11058 | D:11     | Got a crude quarterstaff
 11066 | D:11     | Identified the +7 quarterstaff "Vylai" {speed, MR+ MP+9 Str-5 Dex+4} (You found it on level 11 of the Dungeon)
 11090 | D:11     | Reached skill level 1 in Spellcasting
 11170 | D:11     | Noticed Grum
 11219 | D:11     | Killed Grum
 11574 | D:11     | Noticed a five-headed hydra
 11591 | D:11     | Killed a five-headed hydra
 11877 | D:12     | Found an ancient bone altar of Kikubaaqudgha.
 12277 | D:12     | Noticed a hill giant
 12287 | D:12     | Killed a hill giant
 12747 | D:12     | Reached skill level 5 in Hexes
 12747 | D:12     | Gained mutation: You resist negative energy. [demonic ancestry]
 12747 | D:12     | Reached XP level 12. HP: 96/102 MP: 18/18
 12809 | D:12     | Found a roughly hewn altar of Beogh.
 12809 | D:12     | Found a staircase to the Orcish Mines.
 12932 | D:12     | Found a burning altar of Makhleb.
 12952 | D:12     | Found Zus Miema's Armour Shoppe.
 12957 | D:12     | Bought the +5 pair of boots "Foddaf" {Int+2} for 651 gold pieces
 13541 | D:13     | Reached skill level 5 in Spellcasting
 13602 | D:13     | Noticed a wizard
 13635 | D:13     | Killed a wizard
 13685 | D:13     | Reached skill level 1 in Staves
 13739 | D:13     | Found a gate to the Vaults.
 13739 | D:13     | Noticed a vault guard
 13739 | D:13     | Noticed a necromancer
 13739 | D:13     | Noticed a vault guard
 13739 | D:13     | Noticed a vault guard
 13800 | D:13     | Killed a vault guard
 13821 | D:13     | Killed a vault guard
 13832 | D:13     | Killed a vault guard
 13835 | D:13     | Killed a necromancer
 13965 | D:13     | Noticed a centaur warrior
 13975 | D:13     | Killed a centaur warrior
 14910 | D:14     | Gained mutation: You regenerate a lot of health from kills. [demonic ancestry]
 14910 | D:14     | Reached XP level 13. HP: 107/107 MP: 23/23
 15348 | D:14     | Reached skill level 5 in Staves
 15384 | D:14     | Noticed a seven-headed hydra
 15405 | D:14     | Killed a seven-headed hydra
 15635 | D:14     | Learned a level 5 spell: Silence
 15810 | D:15     | Entered Level 15 of the Dungeon
 15819 | D:15     | Found Uphix's Armour Shoppe.
 15977 | D:15     | Reached skill level 12 in Fighting
 16062 | D:15     | Found Riapnean's Armour Boutique.
 16466 | D:15     | Found a staircase to the Depths.
 16466 | D:15     | Noticed a frost giant
 16492 | D:15     | Killed a frost giant
 16607 | D:15     | Learned a level 6 spell: Mass Confusion
 16899 | D:15     | Noticed Urug
 16916 | D:15     | Killed Urug
 17110 | Orc:1    | Entered Level 1 of the Orcish Mines
 17725 | Orc:1    | Noticed Nergalle
 17795 | Orc:1    | Killed Nergalle
 18608 | Orc:3    | Found Eseteasu's Antique Weapon Shoppe.
 18962 | Orc:3    | Gained mutation: You are somewhat able to resist unholy torments (1 in 2 success). [demonic ancestry]
 18962 | Orc:3    | Reached XP level 14. HP: 110/115 MP: 25/27
 19038 | Orc:3    | Reached skill level 10 in Hexes
 19136 | Orc:3    | Found a staircase to the Elven Halls.
 19355 | Orc:4    | Entered Level 4 of the Orcish Mines
 20279 | Orc:4    | Learned a level 4 spell: Summon Lightning Spire
 20509 | Orc:4    | Reached skill level 1 in Summonings
 20773 | Orc:4    | Found a roughly hewn altar of Beogh.
 20959 | Orc:4    | Found Loliveun's Magic Scroll Emporium.
 20983 | Orc:4    | Bought a scroll of identify for 24 gold pieces
 20983 | Orc:4    | Bought a scroll of enchant armour for 90 gold pieces
 20983 | Orc:4    | Bought a scroll of identify for 24 gold pieces
 20983 | Orc:4    | Bought a scroll of identify for 24 gold pieces
 20983 | Orc:4    | Bought a scroll of identify for 24 gold pieces
 20983 | Orc:4    | Bought a scroll of identify for 24 gold pieces
 20983 | Orc:4    | Bought a scroll of identify for 24 gold pieces
 20990 | Orc:4    | Found Jijar's General Store.
 21015 | Orc:4    | Bought a scroll of enchant weapon for 112 gold pieces
 21015 | Orc:4    | Bought a scroll of enchant weapon for 112 gold pieces
 21015 | Orc:4    | Bought a bread ration for 75 gold pieces
 21015 | Orc:4    | Bought a scroll of identify for 30 gold pieces
 21015 | Orc:4    | Bought a scroll of brand weapon for 300 gold pieces
 21155 | Orc:4    | Noticed an orc warlord
 21180 | Orc:4    | Killed an orc warlord
 21455 | Orc:4    | Reached skill level 10 in Spellcasting
 21613 | Orc:4    | Found a roughly hewn altar of Beogh.
 21666 | Orc:4    | Found Gafisink's Antique Armour Shoppe.
 21693 | Orc:4    | Bought a tiger eye-encrusted scale mail for 270 gold pieces
 21704 | Orc:4    | Identified the +4 scale mail "Erhuaff" {rF++ rC- MP+9 Slay+2} (You bought it in a shop on level 4 of the Orcish Mines)
 21742 | Orc:4    | Found Kema Bil's Magic Scroll Emporium.
 21803 | Orc:4    | Bought a scroll of magic mapping for 35 gold pieces
 21803 | Orc:4    | Bought a scroll of magic mapping for 35 gold pieces
 21803 | Orc:4    | Bought a scroll of identify for 20 gold pieces
 21803 | Orc:4    | Bought a scroll of identify for 20 gold pieces
 21803 | Orc:4    | Bought a scroll of summoning for 95 gold pieces
 21803 | Orc:4    | Bought a scroll of fog for 20 gold pieces
 21803 | Orc:4    | Bought a scroll of fear for 35 gold pieces
 21803 | Orc:4    | Bought a scroll of identify for 20 gold pieces
 21803 | Orc:4    | Bought a scroll of remove curse for 30 gold pieces
 21803 | Orc:4    | Bought 3 scrolls of brand weapon for 600 gold pieces
 21803 | Orc:4    | Bought a scroll of remove curse for 30 gold pieces
 21803 | Orc:4    | Bought a scroll of identify for 20 gold pieces
 21803 | Orc:4    | Bought a scroll of remove curse for 30 gold pieces
 22581 | Lair:1   | Entered Level 1 of the Lair of Beasts
 22693 | Lair:1   | Found a labyrinth entrance.
 22706 | Lab      | Entered a labyrinth
 22718 | Lab      | Found an exit through the horrors of the Abyss.
 22941 | Lab      | Got a clouded silver ring
 22941 | Lab      | Got a faintly glowing garnet amulet
 22941 | Lab      | Identified the Handbook of Translocation
 22942 | Lab      | Got a bloodstained scythe
 22946 | Lab      | Identified the +8 scythe of Duty {drain, +Rage Str+4} (You found it in a labyrinth)
 22959 | Lab      | Identified the amulet of Ofiden {Spirit rC+} (You found it in a labyrinth)
 23112 | Lab      | Identified the ring of Miacy {+Inv +Fly Int+3} (You found it in a labyrinth)
 23117 | Lab      | Learned a level 2 spell: Shroud of Golubria
 23122 | Lab      | Learned a level 4 spell: Summon Ice Beast
 24079 | Lair:2   | Reached skill level 1 in Polearms
 24983 | Lair:3   | Noticed Geomchi's ghost (powerful DsCK)
 25010 | Lair:3   | Killed Geomchi's ghost
 25322 | Lair:3   | Identified 3 scrolls of acquirement
 25570 | Lair:3   | Reached XP level 15. HP: 122/122 MP: 29/29
 26332 | D:15     | Got a pair of pitted gloves
 26343 | D:15     | Identified the +2 pair of gloves of the Slug {rC+ Str+3} (You acquired it on level 15 of the Dungeon)
 27276 | Lair:4   | Reached skill level 10 in Armour
 28140 | Lair:5   | Found a hole to the Spider Nest.
 28266 | Lair:5   | Noticed Josephine
 28273 | Lair:5   | Killed Josephine
 28313 | Lair:5   | Found a staircase to the Swamp.
 29692 | Lair:7   | Noticed Nessos
 29704 | Lair:7   | Killed Nessos
 29796 | Lair:7   | Reached skill level 5 in Summonings
 30684 | Lair:8   | Entered Level 8 of the Lair of Beasts
 31163 | Lair:8   | Reached XP level 16. HP: 59/129 MP: 5/31
 31363 | Lair:8   | Noticed Rupert
 31394 | Lair:8   | Killed Rupert
 31545 | Lair:8   | Reached skill level 13 in Dodging
 31675 | Lair:8   | Noticed Kirke
 31689 | Lair:8   | Killed Kirke
 31725 | Lair:8   | Found a staircase to the Slime Pits.
 33296 | D:15     | Learned a level 5 spell: Shadow Creatures
 33302 | D:15     | Learned a level 5 spell: Summon Forest
 33378 | D:15     | Bought a +2 leather armour of poison resistance for 192 gold pieces
 33378 | D:15     | Bought the +3 helmet "Haydoal" {Regen+ MP+9 Str+2 Dex-3} for 292 gold pieces
 34999 | Spider:1 | Entered Level 1 of the Spider Nest
 35026 | Spider:1 | Noticed Louise
 35068 | Spider:1 | Killed Louise
 35510 | Spider:1 | Noticed Azrael
 35539 | Spider:1 | Killed Azrael
 38355 | Spider:4 | Entered Level 4 of the Spider Nest
 38919 | Spider:4 | Gained mutation: Your melee attacks may debilitate your foes. [demonic ancestry]
 38919 | Spider:4 | Reached XP level 17. HP: 53/135 MP: 32/32
 38931 | Spider:4 | Reached skill level 14 in Armour
 39329 | Spider:4 | Reached skill level 5 in Crossbows
 39828 | Spider:4 | Got a gossamer rune of Zot
 40623 | Swamp:1  | Entered Level 1 of the Swamp
 40645 | Swamp:1  | Reached skill level 15 in Armour
 41087 | Swamp:4  | Entered Level 4 of the Swamp
 41394 | Swamp:4  | Got a twisted chain mail
 41706 | Swamp:4  | Reached skill level 16 in Armour
 41965 | Swamp:4  | Reached XP level 18. HP: 79/142 MP: 16/33
 42154 | Swamp:4  | Got a pitted buckler
 42155 | Swamp:4  | Identified the +1 buckler of Wrong Decisions {*Corrode Regen+ Slay+2} (You found it on level 4 of the Swamp)
 42208 | Swamp:4  | Got a decaying rune of Zot
 42836 | D:15     | Reached skill level 17 in Armour
 42902 | D:15     | Identified the cursed +1 chain mail "Seadd" {*Confuse rElec Dex+5 SInv} (You found it on level 4 of the Swamp)
 43055 | Vaults:1 | Entered Level 1 of the Vaults
 43174 | Vaults:1 | Got a fine leather armour
 43175 | Vaults:1 | Identified the cursed +0 leather armour "Oklij" {rElec MR- Str+4 Int+4} (You found it on level 1 of the Vaults)
 43250 | Vaults:1 | Cast into the Abyss (a deep elf sorcerer)
 43325 | Abyss:1  | Found a corrupted altar of Lugonu.
 43730 | Vaults:1 | Escaped the Abyss
 43750 | Vaults:1 | HP: 7/148 [vault warden/uncursed war axe of chopping (11)]
 43755 | Vaults:1 | HP: 6/148 [yaktaur/arbalest[a vault warden] (4)]
 44378 | Vaults:1 | Found Witwy's Antique Weapon Shop.
 44391 | Vaults:1 | Bought a pitted halberd for 387 gold pieces
 44392 | Vaults:1 | Identified the +8 halberd "Plojy" {vamp, +Inv rF+++ MR- Str+2} (You bought it in a shop on level 1 of the Vaults)
 44476 | Vaults:1 | Noticed a lich
 44494 | Vaults:1 | Killed a lich
 44516 | Vaults:1 | Paralysed by an eldritch tentacle for 2 turns
 44685 | Vaults:1 | Found Deati's General Store.
 44693 | Vaults:1 | Bought a beef jerky for 28 gold pieces
 44693 | Vaults:1 | Bought a meat ration for 95 gold pieces
 44693 | Vaults:1 | Bought a bread ration for 95 gold pieces
 44693 | Vaults:1 | Bought a potion of curing for 57 gold pieces
 44842 | Vaults:1 | Reached skill level 10 in Summonings
 44849 | Vaults:1 | HP: 7/213 [vault warden/broad axe (32)]
 45152 | Vaults:1 | Got a bloodstained chain mail
 45157 | Vaults:1 | Identified the cursed +1 chain mail of Didualoy {MP+9 Int+2} (You found it on level 1 of the Vaults)
 45321 | Vaults:1 | Reached XP level 19. HP: 129/148 MP: 28/35
 45348 | Vaults:1 | Slain by a vault warden

Vault maps used:
D:1:      matt_arrival_los_fun, st_stairs_11
D:2:      nicolae_dithmenos_through_a_glass_darkly, first_bread,
          kennysheep_generic_room_16
D:3:      grunt_temple_overflow_forces_of_nature, serial_park_tiny_2,
          kennysheep_cross_room
D:4:      overflow_temple_1_default, serial_shops, shop_fountains, uniq_edmund
D:5:      uniq_grinder, uniq_crazy_yiuf_cottage, uniq_sigmund, uniq_duvessa,
          uniq_blork_the_orc
D:6:      temple_pool_b, fedhas_altar_2
D:7:      gammafunk_temple_overflow_elements
D:8:      grunt_temple_overflow_lords_of_destruction, minmay_lair_entry_grove
D:9:      hangedman_cross_stitches, hangedman_tree_tricks
D:10:     uniq_joseph
D:11:     grunt_ministairs_1, uniq_grum
D:12:     david_orc_5, basic_altar, serial_shops, kennysheep_little_box,
          bloody_makhleb
D:13:     grunt_vaults_entry_tiered, minmay_curled_crystal
D:14:     hex_intersection
D:15:     grunt_enter_depths_snipers, serial_shops, shop, minivault_14,
          uniq_urug
Temple:   triangle_lava_temple_11
Lair:1:   lab_entry_generic
Lair:2:   serial_bayou_lagoon_b, serial_bayou_shore_b
Lair:3:   special_room, minmay_holes, grunt_megastairs_4
Lair:4:   serial_bayou_lagoon_a, beast_lair_carwin_7, grunt_megastairs_1,
          serial_bayou_shore_b
Lair:5:   swamp_mist_pool, dummy_spider_entry, infiniplex_staircase_pool,
          uniq_josephine
Lair:6:   serial_bayou_shore_b
Lair:7:   uniq_nessos
Lair:8:   minmay_lair_end_enchanted_forest, dpeg_slime_entry_corner, uniq_kirke,
          uniq_rupert
Swamp:1:  nicolae_swamp_round_clearing, uniq_donald
Swamp:2:  hangedman_swamp_ruin_hall, uniq_jorgrun, uniq_nikola
Swamp:3:  evilmike_swamp_ruin_house_5, uniq_roxanne
Swamp:4:  swamp_vile
Spider:1: nicolae_spider_webbed_stairs, uniq_louise, uniq_azrael
Spider:2: nicolae_spider_cling_halls
Spider:3: nicolae_orb_stairs_large
Spider:4: guppyfry_spider_rune, hangedman_spider_mandibles
Orc:1:    uniq_nergalle
Orc:3:    serial_shops, shop, nicolae_orc_pool_cavern
Orc:4:    pubby_orc_utopia
Vaults:1: vaults_mumra_chevron, v_misc_12, hangedman_vaults_trim,
          vaults_room_grunt_arrival_ludios, v_misc_16, hangedman_vaults_unwind,
          hangedman_vaults_nails, st_more_cells,
          nicolae_vaults_big_angled_halls, ontoclasm_vaults_twist, v_misc_1,
          serial_shops, shop
Abyss:3:  abyss_furniture_001
Lab:      labyrinth_hidden_loot, nicolae_lab_swirl, nicolae_lab_stuck,
          nicolae_lab_very_dead_end, nicolae_lab_flowing_pool,
          nicolae_lab_quarters, nicolae_lab_grate, lab_hedge,
          labyrinth_skeletal_remains

Action                   |  1- 3 |  4- 6 |  7- 9 | 10-12 | 13-15 | 16-18 | 19-21 || total
-------------------------+-------+-------+-------+-------+-------+-------+-------++-------
Melee: Dagger            |   118 |    53 |   250 |   547 |       |       |       ||   968
       Whip              |    40 |   176 |     1 |       |       |       |       ||   217
       Short sword       |       |       |    60 |       |       |       |       ||    60
       Quarterstaff      |       |       |       |   732 |  1750 |   974 |       ||  3456
       Hand axe          |       |       |       |     6 |   783 |   624 |       ||  1413
       Scythe            |       |       |       |       |   143 |   834 |    19 ||   996
 Fire: Hand crossbow     |     7 |     1 |   170 |    37 |   110 |       |       ||   325
       Triple crossbow   |       |       |       |       |   235 |   300 |       ||   535
 Cast: Ensorcelled Hiber |       |       |       |    17 |     1 |     3 |       ||    21
       Silence           |       |       |       |       |    10 |       |       ||    10
       Summon Ice Beast  |       |       |       |       |     9 |    27 |       ||    36
       Summon Lightning  |       |       |       |       |     4 |     9 |       ||    13
       Mass Confusion    |       |       |       |       |     2 |       |       ||     2
       Shroud of Golubri |       |       |       |       |     1 |       |       ||     1
       Shadow Creatures  |       |       |       |       |       |     6 |       ||     6
Invok: Call Merchant     |       |       |       |     1 |     2 |       |       ||     3
       Potion Petition   |       |       |       |     1 |     3 |     3 |       ||     7
Evoke: Wand              |       |       |     3 |    14 |    22 |     8 |       ||    47
       Lamp of fire      |       |       |       |       |       |     1 |       ||     1
       Phantom mirror    |       |       |       |       |       |       |     1 ||     1
  Use: Scroll            |     4 |    15 |     5 |    14 |    17 |    32 |       ||    87
       Potion            |       |     5 |     1 |     5 |     8 |    13 |     1 ||    33
 Stab: Sleeping          |     2 |     2 |     2 |    13 |    11 |       |       ||    30
       Distracted        |       |       |       |     4 |    33 |    27 |       ||    64
       Invisible         |       |       |       |       |    16 |     4 |       ||    20
       Fleeing           |       |       |       |       |       |     1 |       ||     1
  Eat: Chunk             |     2 |     9 |     5 |       |       |       |       ||    16
       Fruit             |       |       |     9 |     4 |       |    18 |       ||    31
       Pizza             |       |       |       |     2 |     3 |     4 |       ||     9
       Beef jerky        |       |       |       |     5 |     1 |     5 |       ||    11
       Bread ration      |       |       |       |     2 |     9 |     4 |       ||    15
       Royal jelly       |       |       |       |     2 |     9 |     5 |       ||    16
